AoeStats
← Tyr Lion

Arabian Desert

508629551Analyzed
1v1 RM · 10d ago on Sep 23, 2026· 25m 18s· 2 players
Game mode
Random Map
Map size
Tiny (2 player)
Population
200
Speed
Normal
Resources
Standard
Victory
Conquest
Starting age
Dark Age
Ending age
Imperial Age
RankedLock teamsTeams togetherTeam positionsShared explorationLock speedFull tech treeHidden civsTurbo modeCheats
Victory
Defeat
🇦🇺 Vikings · Australia
761
+17
🇨🇿 Danes · Czechia
787
-20
MrDocBrown
7:14 Loom
7:47 Loom
10:31 Feudal Age
11:38 Man-at-Arms
18:37 Forging
22:33 Castle Age
22:51 Long Swordsman
25:48 Iron Casting
Tyr Lion
6:10 Loom
10:13 Feudal Age
10:45 Double-Bit Axe
12:27 Horse Collar
15:00 Wheelbarrow
15:00 Arson
19:14 Castle Age
20:42 Gambesons
Connection lost

Rejoining the realm…

Still unreachable

The connection could not be restored.

Session expired

The server has moved on; the page needs a fresh start.